 Dungeon Crawl Stone Soup version 0.32-a0-607-g64ea0e4219 (webtiles) character file.

Game seed: 1455201712796619467

95 Essalna the Firebug (level 4, 0/24 HPs)
             Began as a Gargoyle Fire Elementalist on Mar 4, 2024.
             Killed from afar by an orc wizard (7 damage)
             ... with a puff of flame
             ... on level 3 of the Dungeon.
             The game lasted 00:04:05 (2388 turns).

Essalna the Firebug (Gargoyle Fire Elementalist)    Turns: 2388, Time: 00:04:05

Health: 0/24       AC:  6    Str: 11    XL:     4   Next: 66%
Magic:  8/8        EV: 11    Int: 18    God:
Gold:   130        SH:  0    Dex: 10    Spells: 2/9 levels left

rFire   . . .        h - +3 long sword (elec)
rCold   . . .        (no shield)
rNeg    + . .        a - +0 robe
rPois   ∞            (no helmet)
rElec   +            g - +0 cloak
rCorr   .            (no gloves)
SInv    .            (no boots)
Will    .....        (no amulet)
Stlth   ++           (no ring)
HPRegen 0.24/turn    (no ring)
MPRegen 0.11/turn

%: no passive effects
@: no status effects
A: sickness immunity, AC +3, negative energy resistance 1, electricity
resistance, torment resistance 1, petrification resistance
a: no special abilities


You were on level 3 of the Dungeon.
You visited 1 branch of the dungeon, and saw 3 of its levels.

You collected 130 gold pieces.

Inventory:

Hand Weapons
 h - a +3 long sword of electrocution (weapon)
Armour
 a - a +0 robe (worn)
 g - a +0 cloak (worn)
Scrolls
 c - a scroll of noise {unknown}
 f - a scroll of enchant weapon {unknown}
 j - a scroll of immolation {unknown}
 m - 2 scrolls of identify {unknown}
Potions
 b - 2 potions of magic
 d - a potion of might {unknown}
 e - a potion of attraction {unknown}
 i - a potion of curing {unknown}
 k - a potion of enlightenment {unknown}
 l - a potion of resistance {unknown}


   Skills:
 - Level 1.5 Dodging
 - Level 2.1 Stealth
 + Level 3.0 Spellcasting
 + Level 2.7 Conjurations
 + Level 3.8 Fire Magic


You had 2 spell levels left.
You knew the following spells:

 Your Spells              Type           Power      Damage    Failure   Level
a - Foxfire               Conj/Fire      56%        2x1d6     4%          1
b - Scorch                Fire           32%        2d6       4%          2
c - Flame Wave            Conj/Fire      14%        2d6       38%         4

Your spell library contained the following spells:

 Spells                   Type           Power      Damage    Failure   Level
 Inner Flame              Hex/Fire       9%         N/A       22%         3
 Volatile Blastmotes      Fire/Tloc      18%        2d11      22%         3
 Ozocubu's Armour         Ice            2%         N/A       43%         3
 Metabolic Englaciation   Hex/Ice        1%         N/A       99%         5
 Sculpt Simulacrum        Ice/Alch       1%         N/A       100%        6


Dungeon Overview and Level Annotations

Branches:
Dungeon (3/15)

Altars:
Fedhas
Nemelex Xobeh
Yredelemnul

Annotations:
D:3 3 runed translucent doors, Drangen's ghost, amateur CoHu


Innate Abilities, Weirdness & Mutations

You are immune to sickness and miasma.
Your stone body is resilient. (AC +3)
You are immune to poison.
You resist negative energy. (rN+)
You are resistant to electric shocks. (rElec)
You are resistant to unholy torment.
You are immune to petrification.


Message History

You kill the orc!
You hit something. Something hits you.
You miss something.
You hear some strange, mumbled words.
A puff of flame appears from out of thin air!
The puff of flame hits you. Something hits you but does no damage.
You barely miss something. Something hits you but does no damage.
You miss something. Something hits you.
You hear some strange, mumbled words.
A magic dart appears from out of thin air!
The magic dart hits you but does no damage.
You closely miss something. Something hits you but does no damage.
You hit something. Something hits you.
You barely miss something.
You hear some strange, mumbled words.
You are confused.
Something hits you.
You bump into the rock wall.
Something hits you but does no damage.
You bump into the rock wall.
You hear some strange, mumbled words.
A puff of flame appears from out of thin air!
The puff of flame hits you.
You bump into the rock wall.
Something hits you but does no damage.
You bump into the rock wall.
You hear some strange, mumbled words.
You are more confused.
You miss something. Something hits you but does no damage.
You closely miss something. Something hits you but does no damage.
Something hits you.
You bump into the rock wall.
Something hits you but does no damage.
You bump into the rock wall.
Something hits you.
You barely miss something. Something hits you.
* * * LOW HITPOINT WARNING * * *
You bump into the rock wall.
Something hits you but does no damage.
You closely miss something.
You feel less confused.
You hear some strange, mumbled words.
A puff of flame appears from out of thin air!
The puff of flame hits you!
You die...

#..+o#...
#.#
...+o#oß.
#.#
#..+o#...
...
#..#W#.W.
#.#
#..#o.##.
#.#
#..#W.#ß.
#o#
...#..##.
#o#
#..#.=...
#{#
..ß######
#@# ####
#.# #.# #.#
#.# #.# #.#
#########.#
#.........#


You could see 2 orcs.

Vanquished Creatures
  A howler monkey (D:3)
  An adder (D:2)
  3 ribbon worms (D:2)
  A dart slug (D:2)
  2 orcs (D:3)
  6 endoplasms
  5 goblins
  5 hobgoblins
  4 jackals (D:3)
  5 ball pythons
  3 bats (D:1)
  A frilled lizard (D:1)
  A kobold (D:3)
  A rat (D:1)
39 creatures vanquished.

Vanquished Creatures (collateral kills)
  4 foxfires (D:1)
4 creatures vanquished.

Vanquished Creatures (others)
  132 foxfires
132 creatures vanquished.

Grand Total: 175 creatures vanquished

Notes
Turn   | Place    | Note
-------+----------+-------------------------------------------
     0 | D:1      | Essalna the Gargoyle Fire Elementalist began the quest for
                  | the Orb.
     0 | D:1      | Reached XP level 1. HP: 10/10 MP: 3/3
   192 | D:1      | Found a faded altar of an unknown god.
   465 | D:1      | Reached XP level 2. HP: 15/15 MP: 1/5
  1267 | D:2      | Reached XP level 3. HP: 19/19 MP: 2/6
  1880 | D:2      | Learned a level 2 spell: Scorch
  1925 | D:3      | Found a runed translucent gate.
  1925 | D:3      | Found a runed translucent gate.
  1926 | D:3      | Noticed Drangen's ghost (amateur CoHu)
  1927 | D:3      | Found a runed translucent gate.
  1928 | D:3      | Identified the +0 leather armour of Kadug {Int+5}
  1979 | D:3      | Found a sparkling altar of Nemelex Xobeh.
  1979 | D:3      | Found a basalt altar of Yredelemnul.
  2015 | D:3      | Reached XP level 4. HP: 16/24 MP: 1/8
  2105 | D:3      | Found a blossoming altar of Fedhas.
  2274 | D:3      | Learned a level 4 spell: Flame Wave
  2388 | D:3      | Killed from afar by an orc wizard

Illustrated notes

Levels and vault maps discovered:
D:1:      lemuel_arrival_broad_hall, layout_loops_cross,
          hellmonk_ecumenical_altar_run_dry, dreamdust_mushroom_princess
D:2:      layout_basic, chequers_jeans
D:3:      layout_loops_ring, jmf_multi_god_temple,
          nicolae_qazlal_beasts_of_the_sky, fedhas_altar_4,
          biasface_ghost_orc_armoury, uniq_jessica

Skill      XL: |  1  2  3 |
---------------+----------+-----
Conjurations   | 2 |  2.7
Spellcasting   | 3 |  3.0
Dodging        | |  1.5
Stealth        | |  2.1
Fire Magic     | |  3.8

Action                     |  1- 3 |  4- 6 || total
---------------------------+-------+-------++-------
  Melee: Unarmed           |    16 |       ||    16
         Long sword        |    11 |    19 ||    30
   Cast: Foxfire           |    82 |     4 ||    86
 Armour: Robe              |    18 |    29 ||    47
  Dodge: Dodged            |    25 |    12 ||    37

Table legend: (Time is in decaauts)
 A = Elapsed time spent in this place.
 B = Non-inter-level travel time spent in this place.
 C = Inter-level travel time spent in this place.
 D = Time resting spent in this place.
 E = Time spent auto-exploring this place.
 F = Levels seen in this place.
 G = Mean time per level.
                   A        B        C        D        E       F      G
               +--------+--------+--------+--------+--------+-----+--------+
         Total |   2398 |   2348 |     50 |      0 |   2028 |   3 |  799.3 |
       Dungeon |   2398 |   2348 |     50 |      0 |   2028 |   3 |  799.3 |
               +--------+--------+--------+--------+--------+-----+--------+

Top non-repeatable levels by time:
     D:1: 974 daAuts
     D:2: 942 daAuts
     D:3: 482 daAuts
